 Dungeon Crawl Stone Soup version 0.31-a0-240-gb923e448b6 (webtiles) character file.

Game seed: 4966343658147994699

525 qw the Shooter (level 7, -1/59 HPs)
             Began as a Minotaur Hexslinger on July 12, 2023.
             Asphyxiated
             ... on level 5 of the Dungeon.
             The game lasted 00:01:18 (2993 turns).

qw the Shooter (Minotaur Hexslinger)                Turns: 2993, Time: 00:01:18

Health: -1/59      AC: 11    Str: 11 (13) XL:     7   Next: 2%
Magic:  7/7        EV: 10    Int: 10      God:
Gold:   311        SH:  0    Dex: 13 (14) Spells: 7/8 levels left

rFire   . . .        Y - +4 shortbow
rCold   . . .        (shield currently unavailable)
rNeg    . . .        a - +3 ring mail {Will+}
rPois   .            (helmet restricted)
rElec   .            (no cloak)
rCorr   .            (no gloves)
SInv    .            e - +2 pair of boots
Will    ++...        l - amulet of the acrobat
Stlth   +            j - ring of willpower
HPRegen 0.29/turn    (no ring)
MPRegen 0.10/turn

%: acrobat
@: lethally poisoned (-1 -> -30), about to teleport, slowed, very slow
A: horns 2, retaliatory headbutt
a: no special abilities


You were on level 5 of the Dungeon.
You visited 1 branch of the dungeon, and saw 5 of its levels.

You collected 311 gold pieces.


Innate Abilities, Weirdness & Mutations

You have a pair of horns on your head.
You reflexively headbutt those who attack you in melee.


   Skills:
 - Level 4.2 Fighting
 + Level 7.2 Ranged Weapons
 - Level 1.6 Armour
 - Level 2.1 Dodging
 - Level 1.0 Spellcasting
 - Level 2.0 Hexes


You had 7 spell levels left.
You knew the following spells:

 Your Spells              Type           Power      Damage    Failure   Level
a - Slow                  Hex            16%        N/A       34%         1

Your spell library contained the following spells:

 Spells                   Type           Power      Damage    Failure   Level
 Inner Flame              Hex/Fire       2%         N/A       85%         3
 Portal Projectile        Hex/Tloc       4%         N/A       85%         3
 Cause Fear               Hex            2%         N/A       98%         4

Inventory:

Hand Weapons
 Y - a +4 shortbow (weapon)
Armour
 a - a +3 ring mail of willpower (worn)
 e - a +2 pair of boots (worn)
Jewellery
 j - a ring of willpower (left hand)
 l - an amulet of the acrobat (around neck)
Wands
 d - a wand of digging (2)
Scrolls
 b - 2 scrolls of teleportation
 c - a scroll of vulnerability {unknown}
 h - a scroll of identify
Potions
 f - a potion of haste

Dungeon Overview and Level Annotations

Branches:
Dungeon (5/15)
 Temple: D:4-7

Altars:
Kikubaaqudgha
Trog

Annotations:
D:4 3 runed translucent doors, qw's ghost, amateur GrHs
D:5 Dowan; Duvessa


Message History

You shoot an arrow. The arrow hits the kobold brigand.
The kobold brigand is moderately wounded.
Your surroundings suddenly seem different.
A sleepcap comes into view.
Found a stone staircase leading up.
Enter note:
Enter note: You shoot an arrow.
The arrow hits the sleepcap.
The sleepcap is lightly damaged.
You shoot an arrow. The arrow hits the sleepcap!
The sleepcap is heavily damaged.
The kobold brigand throws a curare-tipped dart.
The curare-tipped dart barely misses you.
You shoot an arrow. The arrow hits the sleepcap!
The sleepcap is almost destroyed.
The kobold brigand throws a curare-tipped dart.
The curare-tipped dart hits you.
You are poisoned.
You have difficulty breathing.
You feel yourself slow down.
The kobold throws a stone.
The stone hits you but does no damage.
You shoot an arrow. The arrow hits the sleepcap!
You destroy the sleepcap!
You feel very sick.
The kobold throws a stone.
The stone closely misses you.
The kobold throws a stone.
The stone barely misses you.
The kobold brigand throws a curare-tipped dart.
The curare-tipped dart hits you.
You are lethally poisoned!
You have difficulty breathing.
You feel as though you will be slow longer.
You have reached level 7!
2993 ||| READING 3 scrolls of teleportation.
As you read the scroll of teleportation, it crumbles to dust.
You feel strangely unstable.
You feel extremely sick.
The kobold brigand throws a curare-tipped dart.
The curare-tipped dart hits you.
You are more poisoned.
You have difficulty breathing.
You die...

.# ..# # .....#. .e##
#..#.. .......
..##...... .......
#.......>. .......
###e........ .....
##...KK..#...
...#####K.)¤K.......
#......K....#).....
#.@.KK...e.## #..#.
#....###..#####..#.
......#.......##..##
................##..#.
........##.#............
........#..##...........
....<..##...............
....... ....##......)...
..... ##...##....


You could see Duvessa, a kobold brigand and 3 kobolds.

Vanquished Creatures
  An ogre (D:5)
  2 hounds
  3 sleepcaps
  2 iguanas (D:4)
  Ijyb (D:3)
  2 orc wizards (D:4)
  Robin (D:3)
  6 adders
  An ufetubus (D:4)
  2 worms (D:2)
  2 dart slugs
  6 orcs (D:4)
  9 endoplasms
  2 giant cockroaches
  15 goblins
  5 hobgoblins
  10 kobolds
  6 quokkas
  5 ball pythons
  5 bats
  4 frilled lizards
  7 rats
97 creatures vanquished.

Notes
Turn   | Place    | Note
-------+----------+-------------------------------------------
     0 | D:1      | qw the Minotaur Hexslinger began the quest for the Orb.
     0 | D:1      | Reached XP level 1. HP: 16/16 MP: 1/1
     0 | D:1      | 0 ||| qw: Version: 0.3-a-52-g30416fa
     0 | D:1      | 0 ||| qw: Game counter: 6177
     0 | D:1      | 0 ||| qw: Melee chars always use a shield: true
     0 | D:1      | 0 ||| qw: God list: Okawaru
     0 | D:1      | 0 ||| qw: Allow faded altars: false
     0 | D:1      | 0 ||| qw: Do Orc after clearing Dungeon:15 true
     0 | D:1      | 0 ||| qw: Do second Lair branch before Depths: true
     0 | D:1      | 0 ||| qw: Lair rune preference: random
     0 | D:1      | 0 ||| qw: Goals: Normal
     0 | D:1      | 0 ||| PLANNING D:1-11
   119 | D:1      | Found a faded altar of an unknown god.
   214 | D:1      | HP: 3/16 [goblin/+0 club (3)]
   216 | D:1      | Reached skill level 3 in Ranged Weapons
   217 | D:1      | Reached XP level 2. HP: 5/23 MP: 2/2
   217 | D:1      | HP: 1/23 [frozen (4)]
   783 | D:1      | Reached XP level 3. HP: 29/29 MP: 3/3
   794 | D:1      | 794 ||| READING scroll labelled JIDITE DAGU.
   795 | D:1      | 795 ||| READING scroll labelled UKIDGH PAUNKO.
   796 | D:1      | 796 ||| DROPPING scroll of poison.
   892 | D:2      | Reached skill level 4 in Ranged Weapons
  1004 | D:2      | Reached XP level 4. HP: 36/36 MP: 4/4
  1309 | D:2      | 1309 ||| UPGRADING to +2 pair of boots.
  1314 | D:2      | 1314 ||| READING 2 scrolls labelled NUCEQUU AREOH.
  1315 | D:2      | 1315 ||| READING 4 scrolls labelled JAFIPR YFECE.
  1318 | D:2      | 1318 ||| READING scroll labelled ERAFIE TIYD.
  1319 | D:2      | 1319 ||| READING scroll labelled UVEWOD YKHAEQU.
  1320 | D:2      | 1320 ||| READING scroll labelled WIXEAD HYDEOCH.
  1321 | D:2      | 1321 ||| DROPPING scroll of noise.
  1377 | D:3      | Reached skill level 5 in Ranged Weapons
  1440 | D:3      | Noticed Ijyb
  1452 | D:3      | Killed Ijyb
  1453 | D:3      | Reached XP level 5. HP: 34/44 MP: 5/5
  1523 | D:3      | Reached skill level 3 in Fighting
  1632 | D:3      | Identified the +11 dagger "Gram" {speed, Int-2 Dex+4}
  1640 | D:3      | Noticed Robin
  1663 | D:3      | Killed Robin
  1795 | D:3      | Found an ancient bone altar of Kikubaaqudgha.
  1909 | D:3      | 1909 ||| UPGRADING to +3 ring mail of willpower.
  1919 | D:3      | 1919 ||| DROPPING +0 robe.
  1920 | D:3      | 1920 ||| DRINKING 2 cyan potions.
  1921 | D:3      | 1921 ||| DRINKING 2 bubbling coppery potions.
  1922 | D:3      | 1922 ||| DROPPING potion of degeneration.
  2052 | D:4      | Found a runed translucent gate.
  2052 | D:4      | Found a runed translucent gate.
  2052 | D:4      | Found a runed translucent gate.
  2054 | D:4      | Identified the +3 short sword of the Teaching Lamprey
                  | {flame, Contam rPois MP+9 Dex+8}
  2057 | D:4      | Noticed qw's ghost (amateur GrHs)
  2125 | D:4      | Reached skill level 1 in Armour
  2152 | D:4      | 2152 ||| SWAPPING to +4 shortbow.
  2153 | D:4      | 2153 ||| DROPPING +2 sling.
  2350 | D:4      | Reached skill level 6 in Ranged Weapons
  2365 | D:4      | 2365 ||| Stepping ~*~*~tactically~*~*~ (outnumbered).
  2383 | D:4      | Reached XP level 6. HP: 50/51 MP: 6/6
  2387 | D:4      | Found a bloodstained altar of Trog.
  2898 | D:4      | 2898 ||| UPGRADING to amulet of the acrobat.
  2903 | D:4      | 2903 ||| UPGRADING to ring of willpower.
  2904 | D:4      | 2904 ||| READING scroll labelled XURUKH DETOC UHUA.
  2905 | D:4      | 2905 ||| READING scroll labelled SAEDUL QOFYBEC.
  2906 | D:4      | 2906 ||| READING 2 scrolls of identify.
  2906 | D:4      | 2906 ||| IDENTIFYING dark potion
  2919 | D:5      | Entered Level 5 of the Dungeon
  2978 | D:5      | Noticed Dowan
  2980 | D:5      | 2980 ||| Stepping ~*~*~tactically~*~*~ (outnumbered).
  2981 | D:5      | Noticed Duvessa
  2985 | D:5      | Reached skill level 7 in Ranged Weapons
  2985 | D:5      | HP: 11/52 [kobold/+0 short sword (3)]
  2986 | D:5      | 2986 ||| READING 4 scrolls of teleportation.
  2987 | D:5      | 2987 ||| DRINKING potion of heal wounds.
  2992 | D:5      | HP: 9/52 [asphyx]
  2993 | D:5      | Reached XP level 7. HP: 11/59 MP: 7/7
  2993 | D:5      | 2993 ||| READING 3 scrolls of teleportation.
  2993 | D:5      | HP: 3/59 [poisoned by a kobold brigand (curare-tipped
                  | dart)]
  2993 | D:5      | Asphyxiated

Levels and vault maps discovered:
D:1:      saegor_arrival_miasma, layout_basic, basic_ecumenical_altar
D:2:      layout_rooms
D:3:      layout_rooms, mainiacjoe_overflow_brackets, uniq_robin, uniq_ijyb
D:4:      layout_loops_ring, bloody_trog, biasface_ghost_orc_armoury,
          serial_rivers, chequers_serial_rivers_marsh,
          chequers_serial_rivers_large_a, chequers_serial_rivers_micro_b,
          chequers_serial_rivers_micro_d, minivault_1
D:5:      layout_cave_pools, uniq_duvessa

Skill      XL: |  1  2  3  4  5  6 |
---------------+-------------------+-----
Ranged Weapons | 3 4 5 6 7 |  7.2
Fighting       | 2 3 4 |  4.2
Armour         | 1 |  1.6
Dodging        | |  2.1
Spellcasting   | |  1.0
Hexes          | |  2.0

Action                     |  1- 3 |  4- 6 |  7- 9 || total
---------------------------+-------+-------+-------++-------
   Fire: Sling             |    91 |   116 |       ||   207
         Shortbow          |       |   100 |       ||   100
    Use: Scroll            |     2 |     9 |     1 ||    12
         Potion            |       |     3 |       ||     3
 Armour: Robe              |     6 |    25 |       ||    31
         Ring mail         |       |    43 |       ||    43
  Dodge: Dodged            |    19 |    82 |       ||   101

Table legend:
 A = Non-vault XP
 B = Vault XP
 C = Vault XP percentage of total XP
 D = Non-vault monster count
 E = Vault monster count
 F = Vault count percentage of total count
                 A         B        C        D         E       F
            +---------+---------+-------+---------+---------+-------
      Total |     679 |      72 |   9.6 |      84 |      13 |  13.4
            +---------+---------+-------+---------+---------+-------
        D:1 |      41 |       0 |   0.0 |      23 |       0 |   0.0
        D:2 |      66 |       0 |   0.0 |      16 |       0 |   0.0
        D:3 |      92 |      72 |  43.9 |      18 |      13 |  41.9
        D:4 |     278 |       0 |   0.0 |      21 |       0 |   0.0
        D:5 |     202 |       0 |   0.0 |       6 |       0 |   0.0
            +---------+---------+-------+---------+---------+-------
